 Dungeon Crawl Stone Soup version 0.28-b1-25-g9875b3fc8c (webtiles) character file.

Game seed: 17396099314267246031

90 mopl the Insei (level 4, 0/48 HPs)
             Began as a Djinni Transmuter on Feb 8, 2022.
             Was a Believer of Lugonu.
             Slain by a hound (2 damage)
             ... on level 5 of the Dungeon.
             The game lasted 00:03:30 (2364 turns).

mopl the Insei (Djinni Transmuter)                  Turns: 2364, Time: 00:03:31

Health: 0/48       AC: 25    Str: 11    XL:     4   Next: 85%
Gold:   118        EV:  2    Int: 15    God:    Lugonu [**....] SH:  8 Dex: 13

rFire   . . .      SeeInvis .     - Unarmed
rCold   . . .      Faith    +   h - +1 kite shield {AC+3}
rNeg    . . .      Spirit   .   (armour currently unavailable)
rPois   ∞          Reflect  .   (helmet currently unavailable)
rElec   .          Harm     .   (cloak currently unavailable)
rCorr   .          Rampage  .   (gloves currently unavailable)
Will    .....      NoTele   +   (boots unavailable)
Stlth   +.........              j - amulet of faith {!P}
HPRegen 0.16/turn               i - ring of wizardry
MPRegen 0.00/turn               (no ring)

@: tree-form
A: stationary, stasis, torment immunity, boosted hp, sickness immunity, (fire
resistance 2), (cold vulnerability 1), float, innate caster, HP casting, extra
vitality 1
a: Renounce Religion, Depart the Abyss, Bend Space


You were on level 5 of the Dungeon.
You worshipped Lugonu.
Lugonu was pleased with you.
You were a tree.
You visited 1 branch of the dungeon, and saw 5 of its levels.

You collected 118 gold pieces.

Inventory:

Missiles
 b - 3 poisoned darts (quivered)
Armour
 a - a +0 robe (melded)
 h - a +1 kite shield of protection (worn)
Jewellery
 i - a ring of wizardry (left branch)
 j - an amulet of faith (around neck) {!P}
 k - a ring of positive energy
Scrolls
 c - 2 scrolls of identify {unknown}
 g - a scroll of immolation {unknown}
Potions
 d - a potion of lignification {!q}
 e - a potion of ambrosia {unknown}
 f - a potion of curing {unknown}


   Skills:
 - Level 1.0 Fighting
 - Level 2.1 Dodging
 * Level 1.2 Shields
 * Level 4.2 Unarmed Combat
 + Level 2.2 Spellcasting
 + Level 1.1 Invocations


You couldn't memorise any spells.
You knew the following spells:

 Your Spells              Type           Power      Damage    Failure   Level
a - Beastly Appendage     Tmut           16%        N/A       12%         1
b - Spider Form           Tmut/Pois      8%         N/A       32%         3
c - Animate Skeleton      Necr           16%        N/A       12%         1
d - Ice Form              Ice/Tmut       8%         N/A       71%         4
w - Wereblood             Tmut           8%         N/A       17%         2
Your spell library was empty.

Dungeon Overview and Level Annotations

Branches:
Dungeon (5/15)
 Temple: D:4-7

Altars:
Lugonu

Annotations:
D:3 Grinder


Innate Abilities, Weirdness & Mutations

You are a tree.
Your roots penetrate the ground, keeping you stationary.
You cannot be teleported.
You are immune to unholy pain and torment.
Your maximum health is greatly increased.
Your equipment is partially melded.
You are immune to sickness and miasma.
You are immune to poison.
((Your flesh is very heat resistant. (rF++)))
((You are vulnerable to cold. (rC-)))
You float through the air rather than walking.
You learn spells naturally, not from books.
Your magical power is your life essence.
You have superior vitality. (+4 MHP)


Message History

The hound bites you but does no damage.
The jackal bites you but does no damage.
You block the jackal's attack.
You hit the hound but do no damage. The hound barely misses you.
You block the jackal's attack.
The jackal bites you but does no damage.
The hound bites you but does no damage.
The jackal bites you but does no damage.
You hit the hound but do no damage. The hound bites you.
* * * LOW HITPOINT WARNING * * *
You block the jackal's attack. x2
The jackal bites you but does no damage.
The hound bites you but does no damage.
You hit the hound.
The hound is moderately wounded.
The jackal bites you but does no damage.
The hound bites you but does no damage. The jackal completely misses you.
You block the jackal's attack.
You smack the hound!
The hound is severely wounded.
The hound barely misses you. You block the jackal's attack.
The jackal bites you but does no damage.
You block the hound's attack.
The jackal bites you but does no damage.
You hit the hound.
The hound is almost dead.
You block the jackal's attack. The hound bites you but does no damage.
The jackal bites you.
* * * LOW HITPOINT WARNING * * *
You block the hound's attack.
The jackal bites you but does no damage.
You closely miss the hound.
The hound is almost dead.
You block the jackal's attack. You block the hound's attack.
The jackal bites you but does no damage.
You block the jackal's attack.
You barely miss the hound.
The hound is almost dead.
The hound bites you.
You die...

###### #h♣h.#
#h##.# #†# .#
#.##. # #.#..
.# #.#.##.#
#.#....#
#.#+#.#..####..
#......<..h.h..


You could see a hound and 2 jackals.

Vanquished Creatures
  A howler monkey (D:3)
  An adder (D:2)
  A shadow imp (D:5)
  5 endoplasms
  4 giant cockroaches
  2 goblins
  2 hobgoblins
  3 kobolds
  A quokka (D:5)
  5 ball pythons
  2 bats (D:1)
  6 rats
33 creatures vanquished.

Vanquished Creatures (others)
  6 plants
6 creatures vanquished.

Grand Total: 39 creatures vanquished

Notes
Turn   | Place    | Note
-------+----------+-------------------------------------------
     0 | D:1      | mopl the Djinni Transmuter began the quest for the Orb.
     0 | D:1      | Reached XP level 1. HP: 17/17 MP: 0/0
   595 | D:2      | Reached XP level 2. HP: 17/22 MP: 0/0
   956 | D:1      | Found a faded altar of an unknown god.
   972 | D:1      | Prayed at the altar of an unknown god.
   972 | D:1      | Became a worshipper of Lugonu the Unformed
   972 | D:1      | Reached * piety under Lugonu
   972 | D:1      | Reached ** piety under Lugonu
  1167 | D:1      | Reached XP level 3. HP: 23/27 MP: 0/0
  1167 | D:1      | Learned a level 1 spell: Animate Skeleton
  1528 | D:2      | Reached skill level 2 in Spellcasting
  2102 | D:3      | Reached skill level 1 in Shields
  2102 | D:3      | Reached skill level 4 in Unarmed Combat
  2102 | D:3      | Reached skill level 1 in Invocations
  2102 | D:3      | Reached XP level 4. HP: 23/32 MP: 0/0
  2115 | D:3      | Noticed Grinder
  2228 | D:4      | Noticed a scorpion
  2230 | D:4      | Noticed a scorpion
  2335 | D:5      | Entered Level 5 of the Dungeon
  2359 | D:5      | HP: 2/48 [hound (1)]
  2364 | D:5      | Slain by a hound

Illustrated notes

Levels and vault maps discovered:
D:1:      evilmike_arrival_crescent, layout_basic,
          shapermc_ecumenical_altar_notcrosses, nicolae_grassy_gnolls
D:2:      layout_basic
D:3:      layout_basic, serial_forest, infiniplex_forest_straight_3,
          infiniplex_forest_zigzag_1, infiniplex_forest_clump_tiny,
          infiniplex_forest_end_1, infiniplex_forest_clump_medium,
          infiniplex_forest_lined_room_, infiniplex_forest_lined_2, st_stairs_3,
          corexii_leaking_fountain, kennysheep_generic_room_5, uniq_grinder
D:4:      layout_cave_pools, vehumet_crystals, uniq_robin
D:5:      layout_basic, minmay_manual_mess

Skill      XL: |  1  2  3 |
---------------+----------+-----
Spellcasting   | 2 |  2.2
Shields        | 1 |  1.2
Unarmed Combat | 4 |  4.2
Invocations    | 1 |  1.1
Fighting       | |  1.0
Dodging        | |  2.1

Action                   |  1- 3 |  4- 6 || total
-------------------------+-------+-------++-------
Melee: Unarmed           |   117 |    31 ||   148
       Headbutt          |    12 |       ||    12
       Punch             |     2 |       ||     2
 Cast: Beastly Appendage |    16 |     2 ||    18
  Use: Potion            |       |     1 ||     1
 Stab: Sleeping          |     2 |       ||     2
Armor: Robe              |    22 |     9 ||    31
       Skin              |       |    33 ||    33
Dodge: Dodged            |    72 |    21 ||    93
Block: Kite shield       |     5 |    36 ||    41
